 Dungeon Sprint DCSS version 0.31-a0-66-ge618eeaa78 (webtiles) character file.

Game seed: 6082054577273881036

1503 sircluck the Grappler (level 8, -12/89 HPs)
             Began as a Troll Berserker on May 22, 2023.
             Was a High Priest of Trog.
             Killed from afar by a deep elf sorcerer (39 damage)
             ... with a bolt of acid
             ... in the Dungeon (Sprint VII: "The Pits").
             The game lasted 00:02:01 (563 turns).

sircluck the Grappler (Troll Berserker)              Turns: 563, Time: 00:02:02

Health: -12/89     AC:  4    Str: 28      XL:     8   Next: 52%
Magic:  7/7        EV: 12    Int:  3      God:    Trog [*****.]
Gold:   0          SH:  0    Dex:  8 (9)  Spells: 7/7 levels left

rFire   . .          .
                       - Unarmed
rCold   . . .        (no shield)
rNeg    . . .        a - +0 animal skin
rPois   .            (helmet restricted)
rElec   .            (no cloak)
rCorr   .            (gloves unavailable)
SInv    .            (boots unavailable)
Will    .....        (no amulet)
Stlth   +            (no ring)
HPRegen 1.14/turn    (no ring)
MPRegen 0.10/turn

%: no teleportation
@: no status effects
A: large, unfitting armour, claws 3, regeneration 1, shaggy fur 1, tough skin 1
a: Renounce Religion, Berserk, Trog's Hand, Brothers in Arms


You were in the Dungeon.
You worshipped Trog.
Trog was extremely pleased with you.
You visited 1 branch

Inventory:

Missiles
 j - 10 stones (quivered)
Armour
 a - a +0 animal skin (worn)
Jewellery
 l - a +3 ring of dexterity
 m - a +3 ring of intelligence
Wands
 k - a wand of flame (14)
Scrolls
 g - a scroll of blinking
 i - a scroll of summoning
Potions
 b - 9 potions of curing
 c - 14 potions of heal wounds
 d - a potion of haste
 e - 4 potions of magic
 f - 4 potions of berserk rage
 h - 2 potions of invisibility


   Skills:
 + Level 8.5 Fighting
 + Level 9.5 Dodging
 + Level 13.0 Unarmed Combat


You had 7 spell levels left.
You didn't know any spells.
Your spell library was empty.

Dungeon Overview and Level Annotations

Branches:
Dungeon (1/1)

Altars:
Ashenzari
Cheibriados
Dithmenos
Elyvilon
Fedhas
Gozag
Hepliaklqana
Kikubaaqudgha
Makhleb
Nemelex Xobeh
Okawaru
Qazlal
Ru
Sif Muna
Trog
Uskayaw
Vehumet
Wu Jian
Xom
Yredelemnul
Zin
The Shining One
Jiyva
Lugonu


Innate Abilities, Weirdness & Mutations

You are too large for most types of armour.
You have claws for hands.
Your natural rate of healing is unusually fast.
You are covered in fur. (AC +1)
You have tough skin. (AC +1)


Message History

The spriggan druid shouts!
You hear a shout!
You hear an angry growl.
A guardian serpent comes into view.
A wizard opens the door.
The spriggan berserker invokes Trog's protection!
Found four items.
Your troll goes berserk!
The spriggan defender hits your troll with a +3 lajatang of speed!!
The spriggan defender hits you with a +3 lajatang of speed!
The deep elf sorcerer casts a spell.
The deep elf sorcerer seems to speed up.
The spriggan defender hits your troll with a +3 lajatang of speed!
A polar bear comes into view.
Your iron troll goes berserk!
The spriggan defender closely misses your troll.
Your troll misses the spriggan defender.
Your troll claws the spriggan defender! x2
The spriggan defender hits your troll with a +3 lajatang of speed!!!
Your troll dies!
Your troll's corpse disappears in a puff of smoke!
The spriggan berserker mumbles some strange prayers to Trog.
The spriggan berserker goes berserk!
The wizard hits your iron troll with a +0 dagger.
You scratch the spriggan defender but do no damage.
The spriggan defender is moderately wounded.
The spriggan defender barely misses you.
You miss the spriggan defender.
The spriggan defender is moderately wounded.
The deep elf sorcerer hits you with a +0 short sword.
The spriggan defender hits you with a +3 lajatang of speed!!
The wizard shouts, "You are history!"
The wizard hits your iron troll with a +0 dagger.
Your iron troll bites the wizard but does no damage.
Your iron troll claws the wizard!! x2
The wizard dies!
Trog accepts your kill.
Trog appreciates your killing of a magic user.
The spriggan defender hits you with a +3 lajatang of speed!!
The deep elf sorcerer casts a spell at you.
The bolt of acid hits you!!!
You die...

..............''..........
############..##..#....#..
#..##..........
#..##..........
#..####''####++
+..####''### #..##......#
############..##.#+##.#
..............##@# .#
........... #ie3S# #
###''###### #T#i"+
###''###### #.):.#
..........# #.# +#
#..#......# #..
..........+ ###
..........+ #..#......#


You could see a spriggan defender, a deep elf sorcerer (fast), a spriggan druid,
a guardian serpent, a sixfirhy and a friendly iron troll (summoned, berserk).

Vanquished Creatures
  A two-headed ogre (D)
  A shadow (D)
  A fire bat (D)
  A floating eye (D)
  A sky beast (D)
  A centaur (D)
  A bullfrog (D)
  A scorpion (D)
  A crimson imp (D)
  A quasit (D)
  An iron imp (D)
  An orc priest (D)
  A hound (D)
  Ijyb (D)
  An iguana (D)
  A white imp (D)
  2 ufetubi (D)
  An adder skeleton (D)
  6 orcs (D)
  2 bats (D)
  An endoplasm (D)
  2 ball python skeletons (D)
30 creatures vanquished.

Vanquished Creatures (collateral kills)
  A wizard (D)
1 creature vanquished.

Grand Total: 31 creatures vanquished

Notes
Turn   | Place    | Note
-------+----------+-------------------------------------------
     0 | D        | sircluck the Troll Berserker began the quest for the Orb.
     0 | D        | Reached XP level 1. HP: 22/22 MP: 0/0
    17 | D        | Noticed a sky beast
    17 | D        | Noticed an iguana
    18 | D        | Noticed a shadow
    26 | D        | Killed a sky beast
    27 | D        | Reached skill level 5 in Unarmed Combat
    27 | D        | Reached XP level 2. HP: 8/33 MP: 1/1
    27 | D        | Reached XP level 3. HP: 11/40 MP: 2/2
    27 | D        | Reached XP level 4. HP: 13/49 MP: 3/3
    29 | D        | Killed a shadow
    30 | D        | Reached skill level 7 in Unarmed Combat
    30 | D        | Reached XP level 5. HP: 18/59 MP: 4/4
    35 | D        | Reached ** piety under Trog
    36 | D        | Reached skill level 8 in Unarmed Combat
    73 | D        | Reached XP level 6. HP: 68/68 MP: 5/5
   104 | D        | Found a bloodstained altar of Trog.
   104 | D        | Found a shimmering blue altar of Sif Muna.
   104 | D        | Found a viscous altar of Jiyva.
   104 | D        | Found a hazy altar of Hepliaklqana.
   104 | D        | Found an opulent altar of Gozag.
   105 | D        | Found a glowing golden altar of the Shining One.
   105 | D        | Found a glowing silver altar of Zin.
   105 | D        | Found a basalt altar of Yredelemnul.
   105 | D        | Found a shimmering altar of Xom.
   105 | D        | Found an ornate altar of the Wu Jian Council.
   105 | D        | Found a sacrificial altar of Ru.
   105 | D        | Found a stormy altar of Qazlal.
   105 | D        | Found an iron altar of Okawaru.
   105 | D        | Found a sparkling altar of Nemelex Xobeh.
   105 | D        | Found a burning altar of Makhleb.
   105 | D        | Found a blossoming altar of Fedhas.
   105 | D        | Found a white marble altar of Elyvilon.
   105 | D        | Found a shadowy altar of Dithmenos.
   105 | D        | Found a snail-covered altar of Cheibriados.
   110 | D        | Noticed a floating eye
   111 | D        | Paralysed by a floating eye for 3 turns
   115 | D        | Killed a floating eye
   123 | D        | Found a radiant altar of Vehumet.
   123 | D        | Found a corrupted altar of Lugonu.
   124 | D        | Found an ancient bone altar of Kikubaaqudgha.
   124 | D        | Found a hide-covered altar of Uskayaw.
   124 | D        | Found a broken altar of Ashenzari.
   146 | D        | Reached *** piety under Trog
   163 | D        | Reached skill level 9 in Unarmed Combat
   166 | D        | Reached **** piety under Trog
   224 | D        | Noticed a fire bat
   225 | D        | Noticed Ijyb
   240 | D        | Killed a fire bat
   241 | D        | Reached skill level 10 in Unarmed Combat
   241 | D        | Reached XP level 7. HP: 35/79 MP: 6/6
   244 | D        | Killed Ijyb
   251 | D        | Reached ***** piety under Trog
   310 | D        | Reached skill level 11 in Unarmed Combat
   316 | D        | Identified the +8 glaive of Valuable Assets {heavy, +Blink}
                  | (Trog gifted it to you in the Dungeon)
   316 | D        | Received a gift from Trog
   328 | D        | Noticed a two-headed ogre
   343 | D        | Killed a two-headed ogre
   344 | D        | Reached skill level 12 in Unarmed Combat
   344 | D        | Reached XP level 8. HP: 20/89 MP: 7/7
   358 | D        | Reached skill level 13 in Unarmed Combat
   559 | D        | Found the amulet of the Four Winds {rN+ Will+++ Clar}
   559 | D        | Noticed a spriggan defender
   559 | D        | Noticed a spriggan berserker
   559 | D        | Noticed a deep elf sorcerer
   559 | D        | Noticed a sixfirhy
   559 | D        | Noticed a wizard
   559 | D        | Noticed a spriggan druid
   559 | D        | Noticed a guardian serpent
   560 | D        | Noticed a polar bear
   563 | D        | Killed a wizard
   563 | D        | Killed from afar by a deep elf sorcerer

Illustrated notes

Levels and vault maps discovered:
D:        pitsprint [storerooms_1, entrance_room_1, metal_vault_5, armoury_3,
          mini_pit_1, grid_room_1, main_hall_1, silver_pit, the_coven_3,
          the_vestibule_1, steel_vault_5, golden_pit, hallway_of_sentries,
          crystal_vault_2, iron_vault_4, final_vault]

Skill      XL: |  1  2  3  4  5  6  7  8 |
---------------+-------------------------+-----
Fighting       | 4 6 7 8 |  8.5
Dodging        | 4 6 8 9 |  9.5
Unarmed Combat | 5 7 8 10 12 13 | 13.0

Action                     |  1- 3 |  4- 6 |  7- 9 || total
---------------------------+-------+-------+-------++-------
  Melee: Unarmed           |     3 |    42 |    50 ||    95
         Punch             |       |     2 |     4 ||     6
 Invoke: Berserk           |     1 |       |       ||     1
         Brothers in Arms  |       |       |     2 ||     2
 Armour: Animal skin       |     2 |    24 |    11 ||    37
  Dodge: Dodged            |       |    47 |    31 ||    78

Table legend: (Time is in decaauts)
 A = Elapsed time spent in this place.
 B = Non-inter-level travel time spent in this place.
 C = Inter-level travel time spent in this place.
 D = Time resting spent in this place.
 E = Time spent auto-exploring this place.
 F = Levels seen in this place.
 G = Mean time per level.
                   A        B        C        D        E       F      G
               +--------+--------+--------+--------+--------+-----+--------+
         Total |    554 |    529 |     25 |     53 |    160 |   1 |  554.0 |
       Dungeon |    554 |    529 |     25 |     53 |    160 |   1 |  554.0 |
               +--------+--------+--------+--------+--------+-----+--------+

Top non-repeatable levels by time:
       D: 554 daAuts
